Unix NetHack Version 3.7.0-102 Work-in-progress - last build Apr 6 2024 13:22:21 (d302a6a9ff6341f1a922d8f5af178406b35fdf99,branch:master). Game began 2024-04-09 21:00:10, ended 2024-04-11 22:36:43. DoktorL, neutral male human Archeologist -- ----------------------------- .............w................... ..........A...A.----|----.A.......... .......E.....--.......--..%......... .......$..q.--....@A.. --...AA@.@... ----- ....@......| ........ |?.....A%... ----- A a..| --...------ ........ -------.(.-- |... ---------AD-- ----@--- ...a... ---|---- --..--------- @|@....a.|..a-- --...%... -----|----- -...a...-- --...|.......| |...@.a.|a#@.---....[... ---.........--- .........---....|.......| |...@@a.@..........A)... |.............| ..........-.....-..._...| |.....a.|aA..---....... |. ----V---- .| .....@)..---....|.......| a |.@A....|a..-- --..... | |.......| | .......-- --...|.......| ---------.D-- - |.......| ------- --..--------- A ...| |..._...| |... ----- |.......| ----- |.......| --------- DoktorL the Excavator St:18/09 Dx:17 Co:18 In:12 Wi:16 Ch:9 Neutral S:951848 Astral Plane $:0 HP:108(185) Pw:82(82) AC:-28 Xp:15/187703 T:33753 Latest messages: But it reflects from your medallion! The priestess of Huhetotl's wooden shield smoulders! The bolt of fire hits the priestess of Huhetotl! The Angel of Moloch zaps you with a magic missile! The magic missile whizzes by you! The magic missile hits the killer bee. The soldier ant misses! The soldier ant misses! Where do you want to jump? (For instructions type a '?') The high priestess intones: "Pilgrim, you enter a sacred place!" "Hold! Thy face is a most exquisite torture!" The Angel of Quetzalcoatl wields a long sword! The Angel of Huhetotl zaps you with a magic missile! The magic missile misses the soldier ant. The magic missile whizzes by you! The magic missile misses the Angel of Moloch. The magic missile misses the renegade Angel of Camaxtli. The priest of Quetzalcoatl casts a spell! The priest of Quetzalcoatl summons insects! You hit the Angel of Quetzalcoatl with the cockatrice corpse. The Angel of Quetzalcoatl is slowing down. The Angel of Quetzalcoatl turns to stone. The giant ant turns to flee. The giant ant turns to flee. The giant beetle turns to flee. The Angel of Moloch wields a long sword! You see here a statue of an Angel. You hit the Angel of Moloch with the cockatrice corpse. The Angel of Moloch is slowing down. The Angel of Moloch turns to stone. The giant beetle turns to flee. The priest of Quetzalcoatl turns to flee. The priest of Quetzalcoatl wields a mace! The mace welds itself to the priest of Quetzalcoatl's hand! There is a high altar to Camaxtli (neutral) here. # What do you want to sacrifice? [P or ?*] You offer the Amulet of Yendor to Camaxtli... An invisible choir sings, and you are bathed in radiance... The voice of Camaxtli thunders: "Mortal, thou hast done well!" "In return for thy service, I grant thee the gift of Immortality!" You ascend to the status of Demigod... Do you want your possessions identified? [ynq] (y) Do you want to see your attributes? [ynq] (y) Do you want an account of creatures vanquished? [ynaq] (y) Do you want a list of species genocided and extinct? [ynaq] (y) Do you want to see your conduct and achievements? [ynq] (y) Do you want to see the dungeon overview? [ynq] (y) Inventory: Amulets R - an uncursed amulet of reflection named NO WANDS OF DETH NOW I WIN (being worn) Weapons a - a blessed rustproof +7 long sword named BETTER THAN YOUR FCJING GIANTSLAYER J - a blessed +7 silver saber (alternate weapon; not wielded) Armor E - a blessed rusty +3 helmet (being worn) Y - an uncursed thoroughly burnt +4 pair of leather gloves (being worn) H - an uncursed burnt +0 pair of jumping boots (being worn) u - an uncursed +0 pair of levitation boots c - an uncursed +0 pair of speed boots n - a blessed fireproof +4 cloak of protection (being worn) y - an uncursed thoroughly burnt +5 oilskin cloak w - a blessed +4 T-shirt with text "I couldn't afford this T-shirt so I stole it!" (being worn) r - an uncursed +5 gray dragon scale mail named take this dragons not leavign scales (being worn) Comestibles L - 2 uncursed lumps of royal jelly S - an uncursed cockatrice corpse (wielded) G - an uncursed lizard corpse Spellbooks d - the uncursed Book of the Dead Potions q - an uncursed diluted potion of full healing Rings g - an uncursed ring of free action (on right hand) v - an uncursed ring of shock resistance (on left hand) Wands O - a wand of cancellation (0:2) p - a wand of death (0:4) Z - a wand of death (1:4) o - a wand of death (0:0) Q - a wand of digging (0:7) h - a wand of digging (0:3) k - a wand of polymorph (0:3) b - a wand of speed monster (0:0) m - a wand of teleportation (0:0) U - a wand of teleportation (0:0) Tools t - a blessed greased bag of holding containing 33 items A - the cursed Bell of Opening (0:1) V - an uncursed blindfold named POIS SLEP COLD FIRE j - an uncursed brass lantern (lit) C - the uncursed Candelabrum of Invocation (0 of 7 candles attached) K - a cursed expensive camera (0:46) i - a magic marker (1:12) f - a magic marker (1:7) M - a magic marker (0:6) z - the blessed Orb of Detection (1:0) s - an uncursed skeleton key e - a blessed +0 unicorn horn Gems/Stones B - 4 cursed agate stones X - a blessed luckstone Contents of the bag of holding: a +2 bullwhip an uncursed food ration an uncursed fortune cookie an uncursed cockatrice corpse 7 blessed scrolls of blank paper 4 blessed scrolls of charging a blessed scroll of create monster an uncursed scroll of destroy armor a blessed scroll of earth an uncursed scroll of earth an uncursed scroll of enchant armor a cursed scroll of genocide named cursed . a blessed scroll of remove curse an uncursed scroll of remove curse 2 blessed scrolls of teleportation 3 uncursed scrolls of teleportation a blessed potion of extra healing 3 uncursed diluted potions of full healing 4 uncursed potions of healing 7 potions of holy water an uncursed ring of invisibility an uncursed ring of invisibility an uncursed +0 ring of protection an uncursed ring of teleport control a wand of cold (0:4) a cursed wand of digging (0:2) a wand of fire (0:3) a cursed wand of fire (0:8) a wand of striking (0:4) a wand of striking (0:2) a wand of striking (0:1) a wand of wishing (1:1) 4 uncursed wax candles DoktorL the Archeologist's attributes: Background: You were an Excavator, a level 15 male human Archeologist. You were neutral, on a mission for Camaxtli who was opposed by Quetzalcoatl (lawful) and Huhetotl (chaotic). You were right-handed. You were in the endgame, on the Astral Plane. You entered the dungeon 33753 turns ago. It was nighttime. You had 187703 experience points, 132297 more were needed to attain level 16. Your score was 951848 before end-of-game adjustments. Basics: You had 108 out of 185 hit points. You had all 82 energy points (spell power). Your armor class was -28. Your wallet was empty. Autopickup was off. Final Characteristics: Your strength was 18/09 (peak:18/10, limit:18/100). Your dexterity was 17 (limit:18). Your constitution was 18 (limit:18). Your intelligence was 12 (peak:17, limit:18). Your wisdom was 16 (limit:18). Your charisma was 9 (limit:18). Final Status: You weren't hungry. You were unencumbered. You were wielding a corpse. Final Attributes: You were piously aligned. You were magic-protected. You were fire resistant. You were cold resistant. You were sleep resistant. You were shock resistant. Your items were protected from electric shocks. You were poison resistant. You saw invisible. You were telepathic. You had automatic searching. You were invisible to others. You were stealthy. You could jump. You had a moderate defense bonus (+6). You were protected. You took half spell damage. You were very fast. You had reflection. You had free action. You were extremely lucky. You had extra luck. Good luck did not time out for you. You survived. Miscellaneous: You encountered 1 bones level. Total elapsed playing time was 6 hours, 3 minutes and 58 seconds. Major events: Turn 1: DoktorL the neutral male human Archeologist entered the dungeon 341: found Cleaver on the floor 2572: attained the rank of Field Worker (level 3) 3761: entered the Gnomish Mines 4346: reached Mine Town 5352: attained the rank of Investigator (level 6) 8791: entered Sokoban 9762: completed 2nd Sokoban level 13941: completed 3rd Sokoban level 14676: attained the rank of Exhumer (level 10) 15030: completed 4th Sokoban level 15315: acquired the Sokoban amulet of reflection 17058: was bestowed with Giantslayer by Camaxtli 17377: was bestowed with Trollsbane by Camaxtli 18260: made his first wish - "holy +2 gray dragon scale mail named take this dragons not leavign scales", got "a gray dragon scale mail named take this dragons not leavign scales" 18647: found Demonbane on the floor 19700: killed Medusa 20938: wished for "marker", got "a magic marker" 20941: wished for "holy greased bag of holding", got "a greased bag" 22315: destroyed scruffles' ghost, the former Woman-at-arms 22316: found Mjollnir on the floor 23124: attained the rank of Excavator (level 14) 23643: killed the Minion of Huhetotl 23643: found the Orb of Detection carried by a monster 23644: acquired the Bell of Opening 24987: wished for "marker", got "a magic marker" 25114: wished for "2 cursed genocide", got "2 scrolls labeled VERR YED HORRE" 25137: performed his first genocide (class L) 25631: entered Gehennom 26713: killed Asmodeus 27221: killed Juiblex 27679: bribed Baalzebub with 89 zorkmids for safe passage 28217: killed Orcus 28736: destroyed Vlad the Impaler 28739: acquired the Candelabrum of Invocation 30362: killed the Wizard of Yendor 30368: acquired the Book of the Dead 30649: performed the invocation 30655: killed the Wizard of Yendor (2nd time) 30678: wished for "marker", got "a magic marker" 31017: killed the high priestess of Moloch 31030: acquired The Amulet of Yendor 31783: killed the Wizard of Yendor (3rd time) 32538: killed the Wizard of Yendor (5th time) 33299: entered the Elemental Planes 33299: entered Plane of Earth 33357: entered Plane of Air 33400: entered Plane of Fire 33470: entered Plane of Water 33612: entered the Astral Plane 33652: killed Death 33661: killed Death (2nd time) 33676: found Vorpal Blade carried by a monster 33688: killed Death (3rd time) 33699: killed Famine 33739: killed Pestilence 33753: ascended Vanquished creatures: Asmodeus Orcus 3 erinyes Juiblex the Wizard of Yendor (6 times) Death (thrice) Pestilence Famine Vlad the Impaler a high cleric 2 mastodons Medusa 2 krakens 6 iron golems 2 storm giants a titan a glass golem 4 balrogs the Minion of Huhetotl 2 purple worms a gray dragon a silver dragon 5 red dragons 4 white dragons 2 orange dragons 3 black dragons 2 green dragons 17 minotaurs 2 jabberwocks 8 baluchitheria 11 Angels a demilich 4 stone golems 2 master mind flayers 3 Olog-hai 2 Nazgul 6 pit fiends 2 sandestins a hell hound 2 displacer beasts 2 titanotheres 3 baby red dragons a baby white dragon a genetic engineer a disenchanter 19 vampire leaders 3 skeletons 18 aligned clerics 4 captains 4 shades 2 liches a clay golem 6 nurses 6 ice devils 8 nalfeshnees a lurker above an Aleax 4 frost giants 2 ettins 4 black puddings 20 vampires 6 lieutenants 21 ghosts 2 queen bees 2 winged gargoyles 3 mind flayers 5 giant mimics 4 long worms 3 zruties a fire giant 8 ogre tyrants 11 ice trolls 4 rock trolls an umber hulk 3 flesh golems 5 elven monarchs 3 doppelgangers 8 hezrous 6 bone devils 3 large mimics 2 wumpuses 4 fire vortices 7 stalkers 4 air elementals 4 fire elementals 5 earth elementals 2 hill giants a giant mummy 5 black nagas 9 xorns 12 giant zombies 7 elf-nobles 6 sergeants 4 barbed devils 6 vrocks 6 salamanders 13 wargs a winter wolf 4 hell hound pups 2 small mimics 2 warhorses 7 steam vortices 13 xans 2 ettin mummies 10 ogre leaders 7 quantum mechanics 10 trolls 2 sasquatches 2 wood golems 5 mariliths 4 sharks 8 gelatinous cubes 5 pyrolisks 2 freezing spheres 11 flaming spheres 3 shocking spheres 2 large cats 3 tigers 3 gargoyles 2 dwarf rulers 7 tengu 4 ochre jellies 3 leocrottas 3 energy vortices 5 mountain centaurs 4 stone giants 6 elf mummies 16 human mummies 7 red nagas 3 green slimes 5 pythons 6 pit vipers 10 cobras 32 wraiths 6 carnivorous apes 10 ettin zombies 2 leather golems 6 Grey-elves 55 soldiers 3 watchmen 5 amorous demons 6 horned devils 6 chameleons 3 crocodiles 28 giant beetles 2 quivering blobs 19 cockatrices 7 wolves 4 winter wolf cubs 2 lynxes 2 panthers 13 gremlins 2 leprechauns 3 iron piercers 2 mumakil 10 giant spiders a scorpion 9 horses an ice vortex 7 black lights 4 vampire bats a forest centaur a gnome ruler an orc mummy 5 dwarf mummies 8 ogres 3 brown puddings 6 rust monsters 8 owlbears 5 yetis 4 gold golems 5 Green-elves 6 giant eels 8 lizards 2 chickatrices 2 dingoes 3 housecats 4 jaguars 4 dwarf leaders 3 blue jellies a white unicorn a black unicorn 3 dust vortices 4 ravens 2 plains centaurs 4 gnome mummies 13 snakes 8 apes 21 human zombies 2 rope golems 4 Woodland-elves 18 soldier ants 14 fire ants 13 bugbears 2 quasits 2 wood nymphs 4 water nymphs 4 mountain nymphs 7 Mordor orcs 16 Uruk-hai 4 orc shamans 5 rock piercers a rock mole 3 ponies 5 fog clouds 8 yellow lights 3 shriekers 3 violet fungi 10 gnome leaders 3 gnomish wizards 4 kobold mummies a red naga hatchling 3 gray oozes 8 elf zombies 11 ghouls 2 straw golems a paper golem 38 giant ants a little dog 13 floating eyes 13 dwarves 4 homunculi 4 kobold leaders 3 kobold shamans 20 hill orcs 8 rothes 3 rabid rats a centipede a giant bat a monkey 13 orc zombies 12 dwarf zombies 4 wererats 2 werejackals 8 iguanas 38 killer bees an acid blob 2 coyotes a gas spore 4 hobbits 16 manes 6 large kobolds 5 hobgoblins 2 giant rats 6 cave spiders 2 brown molds a yellow mold 2 green molds 3 red molds 25 gnomes 18 garter snakes 16 gnome zombies 13 geckos 18 jackals 4 kobolds 9 goblins 12 sewer rats 14 grid bugs 5 bats 8 lichens 14 kobold zombies 7 newts 1564 creatures vanquished. Genocided or extinct species: erinyes (extinct) arch-liches master liches demiliches liches 4 species genocided. 1 species extinct. Voluntary challenges: You read items or engraved 87 times. You never engraved Elbereth. You genocided 4 types of monsters. You used 6 wishes. You did not wish for any artifacts. You did not violate any of the special Sokoban rules. Achievements: You entered a shop. You attained the rank of Field Worker. You entered the Gnomish Mines. You entered Minetown. You entered a temple. You attained the rank of Investigator. You entered Sokoban. You attained the rank of Exhumer. You completed Sokoban. You defeated Medusa. You attained the rank of Excavator. You had the Bell of Opening. You entered Gehennom. You had the Candelabrum of Invocation. You had the Book of the Dead. You gained access to Moloch's Sanctum. You reached the Elemental Planes. You reached the Astral Plane. You delivered the Amulet of Yendor. You ascended! The Elemental Planes: Astral Plane: <- You are here. Many temples and many altars. Plane of Water: Plane of Fire: Plane of Air: Plane of Earth: The Dungeons of Doom: levels 1 to 28 Level 1: A fountain. One way stairs up to The Elemental Planes. Level 2: Level 3: "STASH" A general store, a fountain. Level 4: Stairs down to The Gnomish Mines. Level 5: Level 6: Level 7: Some fountains. Level 8: An altar to Camaxtli. Level 9: Level 10: "ELFS WITH COLD WAND" A fountain, a sink. Stairs up to Sokoban, level 9. Level 11: Level 12: Level 13: "VERY ZOO" Final resting place for scruffles-Val-Dwa-Fem-Law, killed by a death ray. Level 14: "ZOO VAULT" A fountain, a grave. Level 15: A primitive area. Portal to The Quest. Level 16: A temple and some altars, some fountains. Level 17: "LVL TELE" Level 18: Level 19: Level 20: Some fountains. Level 21: A sink. Level 22: Level 23: "MY UNI" A throne, a fountain, a grave. Level 24: Level 25: Level 26: A temple and an altar to Camaxtli. Level 27: Level 28: A fountain. Connection to Gehennom. Gehennom: levels 29 to 48 Level 29: A temple and an altar, many graves. Valley of the Dead. Level 30: Level 31: Level 32: Level 33: Level 34: Some fountains. Level 35: Level 36: Level 37: Level 38: Level 39: Level 40: Level 41: Stairs up to Vlad's Tower, level 40. Level 42: Level 43: "TOWER" Level 44: Level 45: Level 46: Level 47: Level 48: A temple and an altar, many graves. Moloch's Sanctum. The Gnomish Mines: levels 5 to 8 Level 5: Level 6: Level 7: "HAPR HERE" A temple and an altar, some fountains, some trees. Level 8: The Quest: levels 1 to 6 Level 1: A throne. Completed quest for Lord Carnarvon. Level 2: Level 3: Some temples and some altars. Level 4: Level 5: Level 6: A temple and an altar. Sokoban: levels 9 up to 6 Level 6: Solved. Level 7: Solved. Level 8: Solved. Level 9: Unsolved. Vlad's Tower: levels 40 up to 38 Level 38: A throne. Level 39: Level 40: Goodbye DoktorL the Demigod... You went to your reward with 1960896 points, The Book of the Dead (worth 10000 zorkmids and 25000 points) The Orb of Detection (worth 2500 zorkmids and 6250 points) The Bell of Opening (worth 5000 zorkmids and 12500 points) The Candelabrum of Invocation (worth 5000 zorkmids and 12500 points) 4 agate stones (worth 800 zorkmids), 1 amulet of reflection (worth 150 zorkmids), and 0 pieces of gold, after 33753 moves. You were level 15 with a maximum of 185 hit points when you ascended.